 Dungeon Crawl Stone Soup version 0.23.1 (webtiles) character file.

Game seed: 14387522170638699903

31 Borgoz the Skirmisher (level 3, -3/31 HPs)
             Began as a Ghoul Abyssal Knight on Mar 2, 2019.
             Was a Follower of Lugonu.
             Slain by a worm (7 damage)
             ... on level 2 of the Dungeon.
             The game lasted 00:02:19 (1264 turns).

Borgoz the Skirmisher (Ghoul Abyssal Knight)        Turns: 1264, Time: 00:02:20

Health: -3/31      AC:  3    Str: 15    XL:     3   Next: 22%
Magic:  3/3        EV: 17    Int:  7    God:    Lugonu [*.....]
Gold:   73         SH:  0    Dex: 14    Spells: 2/2 levels left

rFire    . . .     SeeInvis .     - Unarmed
rCold    + . .     Gourm    .   (no shield)
rNeg     + + +     Faith    .   a - +0 leather armour
rPois    ∞         Spirit   .   (no helmet)
rElec    .         Reflect  .   (no cloak)
rCorr    .         Harm     .   (no gloves)
MR       .....                  (no boots)
Stlth    ++........             (no amulet)
HPRegen  0.00/turn              (no ring)
MPRegen  0.08/turn              (no ring)

@: agile, rotting
A: rotting body, claws 1, carnivore, cold resistance 1, negative energy
resistance 3, inhibited regeneration, torment resistance, unbreathing
a: Depart the Abyss, Renounce Religion


You were on level 2 of the Dungeon.
You worshipped Lugonu.
Lugonu was aware of your devotion.
You were not hungry.

You visited 1 branch of the dungeon, and saw 2 of its levels.
You visited the Abyss 1 time.

You collected 73 gold pieces.

Inventory:

Missiles
 h - 35 poisoned needles
Armour
 a - a +0 leather armour (worn)
Scrolls
 c - a scroll of identify
Potions
 i - a potion of lignification
Comestibles
 b - 2 rations
 j - a chunk of flesh


   Skills:
 + Level 3.4 Fighting
 + Level 2.0 Armour
 * Level 1.6 Dodging
 * Level 2.9 Unarmed Combat
 + Level 2.2 Invocations


You had 2 spell levels left.
You didn't know any spells.
Your spell library was empty.

Dungeon Overview and Level Annotations

Branches:
Dungeon (2/15)

Altars:
Fedhas

Annotations:
D:2 Robin


Innate Abilities, Weirdness & Mutations

Your body is rotting away.
You thrive on raw meat.
You are immune to poison.
You have sharp fingernails.
You are carnivorous and can eat meat at any time.
Your flesh is cold resistant. (rC+)
You are immune to negative energy. (rN+++)
You do not regenerate when monsters are visible.
You are immune to unholy pain and torment.
You can survive without breathing.


Message History

You barely miss the worm.
The worm is lightly wounded.
The worm bites you! The rat barely misses you.
You claw the worm!
The worm is heavily wounded.
The rat completely misses you.
You scratch the worm.
The worm is severely wounded.
The worm bites you! The rat misses you.
You barely miss the worm.
The worm is heavily wounded.
The worm bites you.
* * * LOW HITPOINT WARNING * * *
You scratch the worm but do no damage.
The worm is heavily wounded.
The rat completely misses you.
You scratch the worm.
The worm is severely wounded.
The rat bites you but does no damage. The worm bites you!
You die...

###...8.8.........##
.......8......######
..................##
..gg...............#
..r.###............
#...##..........##
#..#..........##
.#########g..########.##
......w@rgg...# #.##
############..# #...
#### ####


You could see a worm, a hobgoblin, 2 goblins and a rat.

Vanquished Creatures
  A leopard gecko (D:2)
  4 bats (D:1)
  A giant cockroach (D:1)
  7 hobgoblins
  3 kobolds
  A quokka (D:2)
  6 goblins
  2 rats (D:1)
25 creatures vanquished.

Notes
Turn   | Place    | Note
-------+----------+-------------------------------------------
     0 | Abyss:1  | Borgoz the Ghoul Abyssal Knight began the quest for the
                  | Orb.
     0 | Abyss:1  | Reached XP level 1. HP: 19/19 MP: 1/1
    48 | Abyss:1  | Noticed a rakshasa
    49 | D:1      | Escaped the Abyss
   120 | D:1      | Reached skill level 1 in Dodging
   274 | D:1      | Reached * piety under Lugonu
   383 | D:1      | Reached XP level 2. HP: 23/26 MP: 2/2
  1097 | D:2      | Found a blossoming altar of Fedhas.
  1109 | D:2      | Found a faded altar of an unknown god.
  1177 | D:2      | Reached XP level 3. HP: 31/31 MP: 3/3
  1198 | D:2      | Noticed Robin
  1264 | D:2      | Slain by a worm

Skill      XL: |  1  2 |
---------------+-------+-----
Dodging        | 1 |  1.6
Armour         | 2 |  2.0
Fighting       | |  3.4
Unarmed Combat | |  2.9
Invocations    | |  2.2

Action                   || total
-------------------------++-------
Melee: Unarmed           ||    99
       Punch             ||     2
Invok: Depart the Abyss  ||     1
  Use: Potion            ||     5
       Scroll            ||     2
  Eat: Chunk             ||     6
Armor: Leather armour    ||    27
Dodge: Dodged            ||    73
